 Dungeon Crawl Stone Soup version 0.23.2-33-g5129a83184 (webtiles) character file.

Game seed: 5568704294379791379

56 Electrofox the Distorting Demonspawn (level 3, 0/29 HPs)
             Began as a Demonspawn Abyssal Knight on Aug 2, 2019.
             Was a Believer of Lugonu.
             Succumbed to an adder's poison
             ... on level 2 of the Dungeon.
             The game lasted 00:11:10 (1572 turns).

Electrofox the Distorting Demonspawn (DsAK)         Turns: 1572, Time: 00:11:10

Health: 0/29       AC:  3    Str: 13    XL:     3   Next: 69%
Magic:  5/5        EV: 11    Int: 13    God:    Lugonu [**....]
Gold:   112        SH:  0    Dex: 12    Spells: 2/2 levels left

rFire    . . .     SeeInvis .   a - +1 mace
rCold    . . .     Gourm    .   (no shield)
rNeg     . . .     Faith    .   b - +0 leather armour
rPois    .         Spirit   .   (no helmet)
rElec    .         Reflect  .   (no cloak)
rCorr    .         Harm     .   (no gloves)
MR       .....                  (no boots)
Stlth    +.........             (no amulet)
HPRegen  0.09/turn              (no ring)
MPRegen  0.09/turn              (no ring)

@: lethally poisoned (0 -> -4)
A: talons 1
a: Depart the Abyss, Bend Space, Renounce Religion


You were on level 2 of the Dungeon.
You worshipped Lugonu.
Lugonu was pleased with you.
You were not hungry.

You visited 1 branch of the dungeon, and saw 2 of its levels.
You visited the Abyss 1 time.

You collected 112 gold pieces.

Inventory:

Hand Weapons
 a - a +1 mace (weapon)
Armour
 b - a +0 leather armour (worn)
 g - a +0 scale mail
Jewellery
 f - an uncursed ring of magical power {unknown}
Scrolls
 d - a scroll of blinking {unknown}
 e - 4 scrolls of identify {unknown}
Potions
 i - a potion of agility {unknown}
 j - a potion of invisibility {unknown}
 k - 2 potions of haste {unknown}
 l - 2 potions of curing {unknown}
Comestibles
 c - 4 rations
 h - 8 chunks of flesh


   Skills:
 - Level 3.0 Fighting
 * Level 3.0 Maces & Flails
 - Level 1.7 Armour
 - Level 0.9 Dodging
 + Level 3.9 Invocations


You had 2 spell levels left.
You didn't know any spells.
Your spell library was empty.

Dungeon Overview and Level Annotations

Branches:
Dungeon (2/15)

Altars:
Cheibriados


Innate Abilities, Weirdness & Mutations

You have sharp toenails.


Message History

You are more poisoned.
The adder poisons you!
You feel sick. The adder closely misses you.
You feel sick. The adder closely misses you.
You feel sick.
You feel sick. The adder bites you.
* * * LOW HITPOINT WARNING * * *
You are lethally poisoned!
The adder poisons you!
You see here a +0 club.
* * * LOW HITPOINT WARNING * * *
You feel sick. The adder bites you.
* * * LOW HITPOINT WARNING * * *
* * * LOW HITPOINT WARNING * * *
You feel sick.
* * * LOW HITPOINT WARNING * * *
You feel sick.
You die...

≈..............#
#.#
.##......###.###
### .##......###.##
.##......)....#
.##.....####..#
........#
#..########
.#......#
#..SS.#...#
.#....###
##.##.#.#######
.#..###
#...@........###
....#
#######.#.##.......
#...#
#....##.#.#......#.
#...#
#....##.#..........
##..#
#..<.+...........##
#....#............#
#####.....÷[#...##
#..##.#.#..##
####..##.#.#..#


You could see an adder.

Vanquished Creatures
  2 dart slugs
  2 leopard geckos
  2 giant cockroaches (D:1)
  11 goblins
  5 hobgoblins
  4 jackals (D:1)
  A kobold (D:1)
  A quokka (D:2)
  2 ball pythons
  6 bats
  6 rats
42 creatures vanquished.

Notes
Turn   | Place    | Note
-------+----------+-------------------------------------------
     0 | Abyss:1  | Electrofox the Demonspawn Abyssal Knight began the quest
                  | for the Orb.
     0 | Abyss:1  | Reached XP level 1. HP: 18/18 MP: 2/2
    22 | D:1      | Escaped the Abyss
   196 | D:1      | Gained mutation: You have sharp toenails. [demonic
                  | ancestry]
   196 | D:1      | Reached XP level 2. HP: 18/24 MP: 4/4
   628 | D:1      | Reached ** piety under Lugonu
   682 | D:1      | Reached XP level 3. HP: 25/29 MP: 5/5
  1455 | D:2      | Found a snail-covered altar of Cheibriados.
  1569 | D:2      | HP: 1/29 [poisoned by an adder]
  1572 | D:2      | Succumbed to an adder's poison

Skill      XL: |  1  2  3 |
---------------+----------+-----
Maces & Flails | 2 3 |  3.0
Invocations    | 3 |  3.9
Fighting       | |  3.0
Armour         | |  1.7
Dodging        | |  0.9

Action                   || total
-------------------------++-------
Melee: Mace              ||   123
       Kick              ||    13
Invok: Bend Space        ||     1
  Eat: Chunk             ||     2
Armor: Leather armour    ||    58
Dodge: Dodged            ||   105
